R - U22
FLAGSTAFF BLUE DEVILS @ PHOENIX ARMADILLOS
08/03/2063
 
TOP OF THE 1ST
Sierra Vista Hummingbirds batting - Pitching for Yuma Gnomes : LHP Craig Goodman
Pitching: LHP Craig Goodman
Batting: RHB Gilberto Baez 0-0: Called Strike
0-1: Ground out 6-3 (Groundball, 6, EV 98.8 MPH)
Batting: RHB Roger Dowell 0-0: Called Strike
0-1: Ball
1-1: Ground out 4-3 (Groundball, 4, EV 102.5 MPH)
Batting: RHB Hunter Hargrove 0-0: Ball
1-0: Ball
2-0: Ball
3-0: Base on Balls
Batting: SHB Antonio Herrera 0-0: Called Strike
0-1: Swinging Strike
0-2: Strikes out looking
Top of the 1st over - 0 runs, 0 hits, 0 errors, 1 left on base; Sierra Vista 0 - Yuma 0
BOTTOM OF THE 1ST
Yuma Gnomes batting - Pitching for Sierra Vista Hummingbirds : RHP Hunter Vandi
Pitching: RHP Hunter Vandi
Batting: RHB Sid Arriones 0-0: Called Strike
0-1: Ball
1-1: Ball
2-1: Called Strike
2-2: Ball
3-2: Fly out, F9 (Flyball, 9, EV 91.9 MPH)
Batting: SHB Erinyo Corral 0-0: Ball
1-0: Called Strike
1-1: SINGLE (Groundball, 3D, EV 107.5 MPH)
Batting: RHB B.J. Trempe 0-0: Ball
1-0: Called Strike
1-1: Called Strike
1-2: Ball
2-2: Ball
3-2: Fielders Choice at 2nd, 6-4 (Groundball, 6, EV 91.9 MPH)
Batting: RHB Adan Romero 0-0: Ball
1-0: Called Strike
1-1: SINGLE (Groundball, 6MS, EV 68.8 MPH) (infield hit)
B.J. Trempe to second
Batting: SHB Riley Knotts 0-0: Swinging Strike
0-1: Foul Ball, location: 2F
0-2: Ball
1-2: Ball
2-2: Strikes out swinging
Bottom of the 1st over - 0 runs, 2 hits, 0 errors, 2 left on base; Sierra Vista 0 - Yuma 0
TOP OF THE 2ND
Sierra Vista Hummingbirds batting - Pitching for Yuma Gnomes : LHP Craig Goodman
Batting: RHB Bryant Simmons 0-0: Called Strike
0-1: Swinging Strike
0-2: Strikes out swinging
Batting: RHB Jimmy Vezza 0-0: Foul Ball, location: 2F
0-1: Swinging Strike
0-2: Foul Ball, location: 2F
0-2: Ball
1-2: Ball
2-2: Foul Ball, location: 2F
2-2: Foul Ball, location: 2F
2-2: Foul Ball, location: 2F
2-2: Hit by Pitch
Pinch Runner at 1st Lance Bourne:
Batting: RHB D.J. Lesaux 0-0: Called Strike
0-1: Ball
1-1: Foul Ball, location: 2F
1-2: Foul Ball, location: 2F
1-2: Ball
2-2: Foul Ball, location: 2F
2-2: Ball
3-2: Fly out, F8 (Line Drive, 8RM, EV 84.4 MPH)
Batting: RHB Valentín Abreu 0-0: Fly out, F9 (Flyball, 9S, EV 83.1 MPH)
Top of the 2nd over - 0 runs, 0 hits, 0 errors, 1 left on base; Sierra Vista 0 - Yuma 0
BOTTOM OF THE 2ND
Yuma Gnomes batting - Pitching for Sierra Vista Hummingbirds : RHP Hunter Vandi
Now at SS: Henry Starling
Batting: RHB Buzz Smith 0-0: Ball
1-0: Ball
2-0: Ball
3-0: Base on Balls
Batting: SHB Nicky Zamora 0-0: Called Strike
Buzz Smith steals 2nd base
0-1: SINGLE (Groundball, 4MD, EV 95.0 MPH)
Buzz Smith to third
Runner from 3rd tries for Home, SAFE, throw by CF to home
Batting: RHB Chase Jones 0-0: Ball
1-0: Foul Ball, location: 2F
1-1: Fly out, F8 (Flyball, 8LD, EV 97.5 MPH)
Batting: RHB J.J. Estrada 0-0: SINGLE (Groundball, 25, EV 65.6 MPH) (infield hit)
Nicky Zamora to second
Batting: RHB Sid Arriones 0-0: Fielders Choice at 2nd, 4-6 (Groundball, 4, EV 79.4 MPH)
Nicky Zamora to third
Batting: SHB Erinyo Corral 0-0: Foul Ball, location: 2F
0-1: Ball
1-1: Swinging Strike
1-2: Foul Ball, location: 2F
1-2: Strikes out swinging
Bottom of the 2nd over - 1 run, 2 hits, 0 errors, 2 left on base; Sierra Vista 0 - Yuma 1
TOP OF THE 3RD
Sierra Vista Hummingbirds batting - Pitching for Yuma Gnomes : LHP Craig Goodman
Batting: SHB Arthur Zeglen 0-0: Ball
1-0: Ball
2-0: Ball
3-0: Called Strike
3-1: Called Strike
3-2: TRIPLE (Flyball, 9D, EV 99.4 MPH)
Batting: RHB Gilberto Baez 0-0: Ground out 5-3 (Groundball, 56S, EV 62.5 MPH)
Arthur Zeglen scores
Batting: RHB Roger Dowell 0-0: Ball
1-0: Swinging Strike
1-1: Hit by Pitch
Batting: RHB Hunter Hargrove 0-0: Foul Ball, location: 2F
0-1: Grounds into double play, 4-6-3 (Groundball, 4, EV 108.8 MPH)
Top of the 3rd over - 1 run, 1 hit, 0 errors, 0 left on base; Sierra Vista 1 - Yuma 1
BOTTOM OF THE 3RD
Yuma Gnomes batting - Pitching for Sierra Vista Hummingbirds : RHP Hunter Vandi
Batting: RHB B.J. Trempe 0-0: Foul Ball, location: 2F
0-1: Ball
1-1: Ball
2-1: Ground out 6-3 (Groundball, 56, EV 109.4 MPH)
Batting: RHB Adan Romero 0-0: Ball
1-0: Reached on error, E5 (Groundball, 5, EV 82.5 MPH)
Batting: SHB Riley Knotts 0-0: Fly out, F8 (Flyball, 8LXD, EV 99.4 MPH)
Batting: RHB Buzz Smith 0-0: Called Strike
Adan Romero steals 2nd base
0-1: Ball
1-1: Ball
2-1: Ground out 4-3 (Groundball, 4MS, EV 81.9 MPH)
Bottom of the 3rd over - 0 runs, 0 hits, 1 error, 1 left on base; Sierra Vista 1 - Yuma 1
TOP OF THE 4TH
Sierra Vista Hummingbirds batting - Pitching for Yuma Gnomes : LHP Craig Goodman
Batting: SHB Antonio Herrera 0-0: Ball
1-0: Ball
2-0: Foul Ball, location: 2F
2-1: Ball
3-1: Foul Ball, location: 2F
3-2: Foul Ball, location: 2F
3-2: Foul Ball, location: 2F
3-2: Foul Ball, location: 2F
3-2: Fly out, F9 (Flyball, 9LD, EV 105.0 MPH)
Batting: RHB Bryant Simmons 0-0: Foul Ball, location: 2F
0-1: Ball
1-1: Ball
2-1: Ground out 6-3 (Groundball, 6MS, EV 88.1 MPH)
Batting: LHB Henry Starling 0-0: Ball
1-0: Called Strike
1-1: Called Strike
1-2: Ball
2-2: Foul Ball, location: 2F
2-2: TRIPLE (Flyball, 8LXD, EV 99.4 MPH)
Batting: RHB D.J. Lesaux 0-0: Fly out, F5 (Popup, 5SF, EV 66.2 MPH)
Top of the 4th over - 0 runs, 1 hit, 0 errors, 1 left on base; Sierra Vista 1 - Yuma 1
BOTTOM OF THE 4TH
Yuma Gnomes batting - Pitching for Sierra Vista Hummingbirds : RHP Hunter Vandi
Batting: SHB Nicky Zamora 0-0: Called Strike
0-1: Swinging Strike
0-2: Ball
1-2: Ball
2-2: Ball
3-2: Foul Ball, location: 2F
3-2: Base on Balls
Batting: RHB Chase Jones 0-0: Ball
1-0: Called Strike
1-1: Grounds into double play, 1-4-3 (Groundball, 15S, EV 71.2 MPH)
Batting: RHB J.J. Estrada 0-0: Fly out, F6 (Line Drive, 6, EV 74.4 MPH)
Bottom of the 4th over - 0 runs, 0 hits, 0 errors, 0 left on base; Sierra Vista 1 - Yuma 1
TOP OF THE 5TH
Sierra Vista Hummingbirds batting - Pitching for Yuma Gnomes : LHP Craig Goodman
Batting: RHB Valentín Abreu 0-0: Called Strike
0-1: Ball
1-1: Ball
2-1: Ball
3-1: Swinging Strike
3-2: Strikes out swinging
Batting: SHB Arthur Zeglen 0-0: Called Strike
0-1: Swinging Strike
0-2: Foul Ball, location: 2F
0-2: Foul Ball, location: 2F
0-2: Strikes out swinging
Batting: RHB Gilberto Baez 0-0: Ball
1-0: Fly out, F8 (Flyball, 8LD, EV 92.5 MPH)
Top of the 5th over - 0 runs, 0 hits, 0 errors, 0 left on base; Sierra Vista 1 - Yuma 1
BOTTOM OF THE 5TH
Yuma Gnomes batting - Pitching for Sierra Vista Hummingbirds : RHP Hunter Vandi
Batting: RHB Sid Arriones 0-0: Called Strike
0-1: Ground out 4-3 (Groundball, 4, EV 88.1 MPH)
Batting: SHB Erinyo Corral 0-0: Ball
1-0: DOUBLE (Line Drive, 9LM, EV 107.5 MPH)
Batting: RHB B.J. Trempe 0-0: Ball
1-0: Swinging Strike
1-1: Called Strike
1-2: Ball
2-2: Ball
3-2: Base on Balls
Batting: RHB Adan Romero 0-0: Ball
1-0: Fly out, F9 (Flyball, 9LS, EV 95.0 MPH)
Batting: SHB Riley Knotts 0-0: Ball
1-0: Ball
2-0: Fly out, F5 (Popup, 5S, EV 70.0 MPH)
Bottom of the 5th over - 0 runs, 1 hit, 0 errors, 2 left on base; Sierra Vista 1 - Yuma 1
TOP OF THE 6TH
Sierra Vista Hummingbirds batting - Pitching for Yuma Gnomes : LHP Craig Goodman
Pitching: RHP Alvaro Ventura
Batting: RHB Roger Dowell 0-0: Ball
1-0: Ball
2-0: DOUBLE (Line Drive, 89D, EV 106.2 MPH)
Batting: RHB Hunter Hargrove 0-0: Ground out 5-3 (Groundball, 56S, EV 83.8 MPH)
Batting: SHB Antonio Herrera 0-0: Intentional Walk
Batting: RHB Bryant Simmons 0-0: Foul Ball, location: 2F
0-1: Ball
1-1: Swinging Strike
1-2: Foul Ball, location: 2F
1-2: Strikes out swinging
Batting: LHB Henry Starling 0-0: Foul Ball, location: 2F
0-1: Foul Ball, location: 2F
0-2: Strikes out swinging
Top of the 6th over - 0 runs, 1 hit, 0 errors, 2 left on base; Sierra Vista 1 - Yuma 1
BOTTOM OF THE 6TH
Yuma Gnomes batting - Pitching for Sierra Vista Hummingbirds : RHP Hunter Vandi
Pitching: RHP Olivio Castillo
Batting: RHB Buzz Smith 0-0: Called Strike
0-1: Ball
1-1: Called Strike
1-2: Fly out, F8 (Flyball, 8RS, EV 88.1 MPH)
Batting: SHB Nicky Zamora 0-0: Called Strike
0-1: Ball
1-1: Ball
2-1: Called Strike
2-2: SINGLE (Line Drive, 78S, EV 106.9 MPH)
Batting: RHB Chase Jones 0-0: Called Strike
0-1: Ball
1-1: Ball
2-1: Fielders Choice at 2nd, 1-4 (Groundball, 15, EV 70.6 MPH)
Batting: RHB J.J. Estrada 0-0: Reached on error, E5 (Groundball, 56, EV 111.2 MPH)
Chase Jones to second
Batting: RHB Sid Arriones 0-0: Called Strike
0-1: Ball
1-1: Ball
2-1: Foul Ball, location: 2F
2-2: Fly out, F9 (Flyball, 9LD, EV 95.0 MPH)
Bottom of the 6th over - 0 runs, 1 hit, 1 error, 2 left on base; Sierra Vista 1 - Yuma 1
TOP OF THE 7TH
Sierra Vista Hummingbirds batting - Pitching for Yuma Gnomes : RHP Alvaro Ventura
Pinch Hitting: LHB Shaq Gresham 0-0: Ball
1-0: Foul Ball, location: 2F
1-1: Foul Ball, location: 2F
1-2: Ball
2-2: SINGLE (Groundball, 56D, EV 101.9 MPH)
Batting: RHB Valentín Abreu 0-0: Bunted foul
0-1: Sac Bunt to 13 - play at first, batter OUT! 1-4
Shaq Gresham to second
Batting: SHB Arthur Zeglen 0-0: Intentional Walk
Pinch Runner at 2nd J.R. Crane:
Pinch Hitting: LHB Timothée Badillo 0-0: Grounds into double play, 3-6-3 (Groundball, 34S, EV 81.2 MPH)
Top of the 7th over - 0 runs, 1 hit, 0 errors, 1 left on base; Sierra Vista 1 - Yuma 1
BOTTOM OF THE 7TH
Yuma Gnomes batting - Pitching for Sierra Vista Hummingbirds : RHP Olivio Castillo
Now in LF: Candy Rodriquez
Now in RF: Andre Snyder
Batting: SHB Erinyo Corral 0-0: Ball
1-0: Ball
2-0: Foul Ball, location: 2F
2-1: Fly out, F8 (Line Drive, 8LD, EV 90.6 MPH)
Batting: RHB B.J. Trempe 0-0: Called Strike
0-1: Fly out, F9 (Flyball, 9S, EV 73.8 MPH)
Batting: RHB Adan Romero 0-0: Ball
1-0: Ball
2-0: Ball
3-0: Called Strike
3-1: Called Strike
3-2: Ground out 5-3 (Groundball, 56S, EV 63.1 MPH)
Bottom of the 7th over - 0 runs, 0 hits, 0 errors, 0 left on base; Sierra Vista 1 - Yuma 1
TOP OF THE 8TH
Sierra Vista Hummingbirds batting - Pitching for Yuma Gnomes : RHP Alvaro Ventura
Batting: RHB Roger Dowell 0-0: Ball
1-0: Called Strike
1-1: Ball
2-1: Foul Ball, location: 2F
2-2: Fly out, F9 (Flyball, 9S, EV 74.4 MPH)
Batting: RHB Hunter Hargrove 0-0: SINGLE (Groundball, 6MD, EV 95.0 MPH)
Batting: SHB Antonio Herrera 0-0: Foul Ball, location: 2F
0-1: Fly out, F7 (Flyball, 78S, EV 88.8 MPH)
Pinch Hitting: LHB Jasper Gassert 0-0: Called Strike
0-1: Fly out, F8 (Flyball, 8LM, EV 91.9 MPH)
Top of the 8th over - 0 runs, 1 hit, 0 errors, 1 left on base; Sierra Vista 1 - Yuma 1
BOTTOM OF THE 8TH
Yuma Gnomes batting - Pitching for Sierra Vista Hummingbirds : RHP Olivio Castillo
Now at 2B: Aubert Steward
Batting: SHB Riley Knotts 0-0: Swinging Strike
0-1: Ball
1-1: Ball
2-1: Foul Ball, location: 2F
2-2: Ball
3-2: Strikes out swinging
Batting: RHB Buzz Smith 0-0: Ball
1-0: Foul Ball, location: 2F
1-1: Ball
2-1: Ball
3-1: Fly out, F8 (Flyball, 8RD, EV 73.1 MPH)
Batting: SHB Nicky Zamora 0-0: Ball
1-0: Foul Ball, location: 2F
1-1: Ball
2-1: Fly out, F7 (Flyball, 7LS, EV 83.8 MPH)
Bottom of the 8th over - 0 runs, 0 hits, 0 errors, 0 left on base; Sierra Vista 1 - Yuma 1
TOP OF THE 9TH
Sierra Vista Hummingbirds batting - Pitching for Yuma Gnomes : RHP Alvaro Ventura
Batting: LHB Henry Starling 0-0: Ball
1-0: Called Strike
1-1: Ball
2-1: Foul Ball, location: 2F
2-2: Strikes out swinging
Pinch Hitting: LHB Lou Strunk 0-0: Called Strike
0-1: Swinging Strike
0-2: Strikes out looking
Batting: RHB Valentín Abreu 0-0: Called Strike
0-1: Ball
1-1: Ball
2-1: SINGLE (Line Drive, 4MD, EV 97.5 MPH)
Pitching: RHP Stewie Genie
Batting: SHB Arthur Zeglen 0-0: Ball
1-0: Foul Ball, location: 2F
1-1: Foul Ball, location: 2F
1-2: Fly out, F7 (Line Drive, 7, EV 98.1 MPH)
Top of the 9th over - 0 runs, 1 hit, 0 errors, 1 left on base; Sierra Vista 1 - Yuma 1
BOTTOM OF THE 9TH
Yuma Gnomes batting - Pitching for Sierra Vista Hummingbirds : RHP Olivio Castillo
Pitching: RHP Grima Fitzpatrick
Now in RF: Oliver Mercado
Pinch Hitting: LHB R.J. Scott 0-0: Ball
1-0: Called Strike
1-1: Foul Ball, location: 2F
1-2: Strikes out swinging
Pinch Hitting: LHB Lyle Sardjoe 0-0: Ball
1-0: Ball
2-0: Ground out 5-3 (Groundball, 56, EV 81.2 MPH)
Batting: RHB Sid Arriones 0-0: Ground out U3 (Groundball, 34, EV 94.4 MPH)
Bottom of the 9th over - 0 runs, 0 hits, 0 errors, 0 left on base; Sierra Vista 1 - Yuma 1
TOP OF THE 10TH
Sierra Vista Hummingbirds batting - Pitching for Yuma Gnomes : RHP Stewie Genie
Now at SS: Troy Joab
Now in RF: Lyle Sardjoe
Pinch Hitting: LHB Alfred Sweetland 0-0: Foul Ball, location: 2F
0-1: Hit by Pitch
Batting: RHB Roger Dowell 0-0: Sac Bunt to 2R - play at first, batter OUT! 2-3
Alfred Sweetland to second
Batting: RHB Hunter Hargrove 0-0: Ball
1-0: Called Strike
1-1: Ground out 4-3 (Groundball, 4, EV 90.6 MPH)
Alfred Sweetland to third
Batting: SHB Antonio Herrera 0-0: Intentional Walk
Batting: RHB Aubert Steward 0-0: Ball
1-0: Ball
2-0: Called Strike
2-1: Called Strike
2-2: Strikes out looking
Top of the 10th over - 0 runs, 0 hits, 0 errors, 2 left on base; Sierra Vista 1 - Yuma 1
BOTTOM OF THE 10TH
Yuma Gnomes batting - Pitching for Sierra Vista Hummingbirds : RHP Grima Fitzpatrick
Now in LF: Hugo Pimentel
Batting: SHB Erinyo Corral 0-0: Ball
1-0: Foul Ball, location: 2F
1-1: Called Strike
1-2: Foul Ball, location: 2F
1-2: Strikes out swinging
Batting: RHB B.J. Trempe 0-0: Ball
1-0: Foul Ball, location: 2F
1-1: Called Strike
1-2: Fly out, F8 (Flyball, 8RM, EV 89.4 MPH)
Batting: RHB Adan Romero 0-0: Foul Ball, location: 2F
0-1: Swinging Strike
0-2: Ball
1-2: Strikes out looking
Bottom of the 10th over - 0 runs, 0 hits, 0 errors, 0 left on base; Sierra Vista 1 - Yuma 1
TOP OF THE 11TH
Sierra Vista Hummingbirds batting - Pitching for Yuma Gnomes : RHP Stewie Genie
Batting: LHB Henry Starling 0-0: Called Strike
0-1: Ball
1-1: Swinging Strike
1-2: Ball
2-2: Strikes out swinging
Batting: RHB Oliver Mercado 0-0: Ground out 5-3 (Groundball, 56, EV 101.9 MPH)
Batting: RHB Valentín Abreu 0-0: Ground out 6-3 (Groundball, 6, EV 103.8 MPH)
Top of the 11th over - 0 runs, 0 hits, 0 errors, 0 left on base; Sierra Vista 1 - Yuma 1
BOTTOM OF THE 11TH
Yuma Gnomes batting - Pitching for Sierra Vista Hummingbirds : RHP Grima Fitzpatrick
Batting: SHB Riley Knotts 0-0: Ball
1-0: Foul Ball, location: 2F
1-1: Called Strike
1-2: Ground out 5-3 (Groundball, 56, EV 86.9 MPH)
Batting: RHB Buzz Smith 0-0: Called Strike
0-1: Called Strike
0-2: Ball
1-2: Foul Ball, location: 2F
1-2: Strikes out swinging
Batting: SHB Nicky Zamora 0-0: Ground out 1-3 (Groundball, 34S, EV 75.0 MPH)
Bottom of the 11th over - 0 runs, 0 hits, 0 errors, 0 left on base; Sierra Vista 1 - Yuma 1
TOP OF THE 12TH
Sierra Vista Hummingbirds batting - Pitching for Yuma Gnomes : RHP Stewie Genie
Pitching: LHP Samuel Rodin
Batting: SHB Arthur Zeglen 0-0: Ball
1-0: Ball
2-0: Swinging Strike
2-1: Ball
3-1: Foul Ball, location: 2F
3-2: Base on Balls
Pinch Hitting: RHB Teddy Jiang 0-0: Called Strike
0-1: Swinging Strike
0-2: Strikes out swinging
Batting: RHB Roger Dowell 0-0: Called Strike
0-1: Foul Ball, location: 2F
0-2: Strikes out looking
Batting: RHB Hunter Hargrove 0-0: Swinging Strike
0-1: Fielders Choice at 2nd, 6-4 (Groundball, 6D, EV 100.0 MPH)
Top of the 12th over - 0 runs, 0 hits, 0 errors, 1 left on base; Sierra Vista 1 - Yuma 1
BOTTOM OF THE 12TH
Yuma Gnomes batting - Pitching for Sierra Vista Hummingbirds : RHP Grima Fitzpatrick
Now in LF: Duck Fuller
Batting: LHB Troy Joab 0-0: Called Strike
0-1: Ball
1-1: Foul Ball, location: 2F
1-2: Foul Ball, location: 2F
1-2: Ball
2-2: Foul Ball, location: 2F
2-2: Foul Ball, location: 2F
2-2: Foul Ball, location: 2F
2-2: Strikes out looking
Batting: LHB Lyle Sardjoe 0-0: Foul Ball, location: 2F
0-1: Ball
1-1: Called Strike
1-2: Ball
2-2: Foul Ball, location: 2F
2-2: SINGLE (Groundball, 34D, EV 111.2 MPH)
Pitching: LHP Clark Stempien
Batting: RHB Sid Arriones 0-0: Swinging Strike
0-1: Ball
1-1: Ground out 5-3 (Groundball, 5S, EV 66.2 MPH)
Lyle Sardjoe to second
Batting: SHB Erinyo Corral 0-0: Ball
1-0: Ball
2-0: Foul Ball, location: 2F
2-1: Ball
3-1: Called Strike
3-2: Fly out, F4 (Popup, 4MD, EV 71.9 MPH)
Bottom of the 12th over - 0 runs, 1 hit, 0 errors, 1 left on base; Sierra Vista 1 - Yuma 1
TOP OF THE 13TH
Sierra Vista Hummingbirds batting - Pitching for Yuma Gnomes : LHP Samuel Rodin
Batting: SHB Antonio Herrera 0-0: Foul Ball, location: 2F
0-1: Fly out, F9 (Line Drive, 9D, EV 86.2 MPH)
Batting: RHB Aubert Steward 0-0: Ball
1-0: Ball
2-0: Fly out, F3 (Popup, 23F, EV 86.2 MPH)
Batting: LHB Henry Starling 0-0: Called Strike
0-1: Ball
1-1: Foul Ball, location: 2F
1-2: Strikes out swinging
Top of the 13th over - 0 runs, 0 hits, 0 errors, 0 left on base; Sierra Vista 1 - Yuma 1
BOTTOM OF THE 13TH
Yuma Gnomes batting - Pitching for Sierra Vista Hummingbirds : LHP Clark Stempien
Batting: RHB B.J. Trempe 0-0: Called Strike
0-1: Foul Ball, location: 2F
0-2: SINGLE (Flyball, 8LM, EV 89.4 MPH)
Batting: RHB Adan Romero 0-0: Called Strike
0-1: Foul Ball, location: 2F
0-2: Ball
1-2: Fly out, F8 (Flyball, 8RS, EV 86.2 MPH)
Batting: SHB Riley Knotts 0-0: Ball
1-0: Ball
2-0: Ground out 5-3 (Groundball, 5S, EV 68.1 MPH)
B.J. Trempe to second
Batting: RHB Buzz Smith 0-0: Intentional Walk
Pinch Runner at 2nd Santiago Felix:
Batting: SHB Nicky Zamora 0-0: Foul Ball, location: 2F
0-1: Ball
1-1: Ground out 5-3 (Groundball, 5S, EV 89.4 MPH)
Bottom of the 13th over - 0 runs, 1 hit, 0 errors, 2 left on base; Sierra Vista 1 - Yuma 1
TOP OF THE 14TH
Sierra Vista Hummingbirds batting - Pitching for Yuma Gnomes : LHP Samuel Rodin
Now at 1B: Daunte Jauregui
Batting: RHB Oliver Mercado 0-0: Ball
1-0: Foul Ball, location: 2F
1-1: Fly out, F3 (Popup, 3SF, EV 65.0 MPH)
Batting: RHB Valentín Abreu 0-0: Ball
1-0: Ball
2-0: Fly out, F8 (Flyball, 8LM, EV 90.6 MPH)
Batting: SHB Arthur Zeglen 0-0: Ball
1-0: Ball
2-0: Called Strike
2-1: Ball
3-1: Swinging Strike
3-2: Ground out 4-3 (Groundball, 4, EV 88.8 MPH)
Top of the 14th over - 0 runs, 0 hits, 0 errors, 0 left on base; Sierra Vista 1 - Yuma 1
BOTTOM OF THE 14TH
Yuma Gnomes batting - Pitching for Sierra Vista Hummingbirds : LHP Clark Stempien
Batting: LHB Troy Joab 0-0: Foul Ball, location: 2F
0-1: Ball
1-1: Ball
2-1: Called Strike
2-2: Strikes out swinging
Pinch Hitting: RHB Roldan Aguilar 0-0: Called Strike
0-1: DOUBLE (Line Drive, 7LS, EV 107.5 MPH)
Batting: RHB Sid Arriones 0-0: Intentional Walk
Batting: SHB Erinyo Corral 0-0: Ball
1-0: Called Strike
1-1: Reached via error on a dropped throw from 2B, E6 (Groundball, 4, EV 85.6 MPH)
Roldan Aguilar to third
Sid Arriones to second
Pinch Hitting: RHB Luke Christopherson 0-0: SINGLE (Groundball, 6MD, EV 104.4 MPH)
Roldan Aguilar scores
Bottom of the 14th over - 1 run, 2 hits, 1 error, 0 left on base; Sierra Vista 1 - Yuma 2
Game Over ... Yuma defeats Sierra Vista, 2 to 1
Wednesday, June 4th , 2025 - OOTP Baseball 25.11 Build 104